 Dungeon Crawl Stone Soup version 0.23.1-37-gaa34b87 (webtiles) character file.

Game seed: 18264687337919682334

62 doot the Gusty (level 4, -3/24 HPs)
             Began as a Tengu Air Elementalist on Mar 25, 2019.
             Slain by an adder (4 damage)
             ... on level 2 of the Dungeon.
             The game lasted 00:04:57 (2091 turns).

doot the Gusty (Tengu Air Elementalist)             Turns: 2091, Time: 00:04:57

Health: -3/24      AC:  2    Str:  9    XL:     4   Next: 8%
Magic:  0/8        EV: 13    Int: 16    God:
Gold:   87         SH:  0    Dex: 14    Spells: 2/8 levels left

rFire    . . .     SeeInvis .   f - -2 hand axe (curse)
rCold    . . .     Gourm    .   (no shield)
rNeg     . . .     Faith    .   a - +0 robe
rPois    .         Spirit   .   (helmet restricted)
rElec    .         Reflect  .   (no cloak)
rCorr    .         Harm     .   (no gloves)
MR       .....                  (boots unavailable)
Stlth    ++........             (no amulet)
HPRegen  0.08/turn              (no ring)
MPRegen  0.11/turn              (no ring)

@: no status effects
A: beak, talons 3
a: no special abilities


You were on level 2 of the Dungeon.
You were not hungry.

You visited 1 branch of the dungeon, and saw 2 of its levels.

You collected 87 gold pieces.

Inventory:

Hand Weapons
 f - a cursed -2 hand axe (weapon)
 h - a +0 whip
Armour
 a - a +0 robe (worn)
Wands
 e - a wand of acid (7)
Potions
 b - a potion of brilliance
 d - a potion of flight {unknown}
 i - 2 potions of invisibility {unknown}
Comestibles
 c - 4 rations
 g - a chunk of flesh


   Skills:
 + Level 2.4 Dodging
 + Level 2.3 Stealth
 + Level 2.5 Spellcasting
 + Level 2.4 Conjurations
 + Level 5.1 Air Magic


You had 2 spell levels left.
You knew the following spells:

 Your Spells              Type           Power        Failure   Level  Hunger
a - Shock                 Conj/Air       ##..         4%          1    #......
b - Static Discharge      Conj/Air       ##......     13%         3    ###....
c - Swiftness             Chrm/Air       ##......     11%         2    ##.....

Your spell library contained the following spells:

 Spells                   Type           Power        Failure   Level  Hunger
 Airstrike                Air            ###.......   24%         4    #####..
 Lightning Bolt           Conj/Air       ##........   75%         5    ######.


Dungeon Overview and Level Annotations

Branches:
Dungeon (2/15)

Altars:
Gozag


Innate Abilities, Weirdness & Mutations

You have a beak for a mouth.
You have claws for feet.


Message History

Aim: an adder (severely wounded)
The zap hits the adder.
The adder is almost dead.
The adder bites you but does no damage.
You feel sick. The adder closely misses you.
You see here a hand axe.
The adder bites you.
* * * LOW HITPOINT WARNING * * *
The adder misses you.
* * * LOW HITPOINT WARNING * * *
You feel sick.
You are no longer poisoned.
Casting: Shock (safe; 4% risk of failure)
Confirm with . or Enter, or press ? or * to list all spells.
Aiming: Shock (safe; 4% risk of failure)
Press: ? - help, Shift-Dir - straight line, f/p - adder
Aim: an adder (almost dead) That beam is likely to hit you.
Continue anyway?
The zap misses the adder. x2; The zap misses you.
The adder bites you.
You die...

#############.#
#....... #<#
#.###### #.#
####.###### #.#
#<......... #.#
#.##.#####. #.#
#.##.# #)#
#.##.# #.#####
##.##.#
#.S@..###...#.#
#####.........#
#####...###
##.## #.(.
#####


You could see an adder.

Vanquished Creatures
  An adder (D:2)
  A worm (D:2)
  4 dart slugs
  A leopard gecko (D:2)
  A ball python (D:1)
  9 bats
  2 giant cockroaches (D:1)
  8 goblins
  3 hobgoblins
  2 kobolds
  A frilled lizard (D:1)
  4 rats
37 creatures vanquished.

Notes
Turn   | Place    | Note
-------+----------+-------------------------------------------
     0 | D:1      | doot the Tengu Air Elementalist began the quest for the
                  | Orb.
     0 | D:1      | Reached XP level 1. HP: 10/10 MP: 4/4
   249 | D:1      | Reached XP level 2. HP: 15/15 MP: 3/6
   856 | D:1      | Reached XP level 3. HP: 11/19 MP: 0/7
  1142 | D:1      | Reached skill level 5 in Air Magic
  1224 | D:2      | Learned a level 3 spell: Static Discharge
  1789 | D:2      | Found an opulent altar of Gozag.
  1857 | D:2      | Reached XP level 4. HP: 24/24 MP: 4/8
  1861 | D:2      | Learned a level 2 spell: Swiftness
  2090 | D:2      | HP: 1/24 [poisoned by an adder]
  2091 | D:2      | Slain by an adder

Skill      XL: |  1  2  3 |
---------------+----------+-----
Air Magic      | 5 |  5.1
Conjurations   | 2 |  2.4
Dodging        | |  2.4
Stealth        | |  2.3
Spellcasting   | |  2.5

Action                   |  1- 3 |  4- 6 || total
-------------------------+-------+-------++-------
Melee: Unarmed           |     7 |       ||     7
       Peck              |     1 |       ||     1
 Cast: Shock             |    79 |    22 ||   101
       Static Discharge  |       |     1 ||     1
  Use: Scroll            |     2 |       ||     2
  Eat: Chunk             |     4 |     1 ||     5
Armor: Robe              |     9 |     2 ||    11
Dodge: Dodged            |    16 |    21 ||    37
